 Dungeon Crawl Stone Soup version 0.25-a0-167-g836c352 (webtiles) character file.

Game seed: 12127019922084573061, levelgen mode: deterministic

37 Lunnius the Magician (level 3, -1/19 HPs)
             Began as a Deep Elf Wizard on Nov 25, 2019.
             Succumbed to an adder's poison
             ... on level 2 of the Dungeon.
             The game lasted 00:19:10 (1159 turns).

Lunnius the Magician (Deep Elf Wizard)              Turns: 1159, Time: 00:19:11

Health: -1/19      AC:  2    Str:  4    XL:     3   Next: 21%
Magic:  2/12       EV: 13    Int: 23    God:
Gold:   35         SH:  0    Dex: 13    Spells: 8/13 levels left

rFire    . . .     SeeInvis .   h - +0 dagger
rCold    . . .     Gourm    .   (no shield)
rNeg     . . .     Faith    .   a - +0 robe
rPois    .         Spirit   .   b - +0 hat
rElec    .         Reflect  .   (no cloak)
rCorr    .         Harm     .   (no gloves)
MR       .....                  (no boots)
Stlth    ++........             (no amulet)
HPRegen  0.06/turn              (no ring)
MPRegen  0.13/turn              (no ring)

@: lethally poisoned (-1 -> -17), very slightly contaminated
A: no striking features
a: no special abilities


You were on level 2 of the Dungeon.
You were not hungry.

You visited 1 branch of the dungeon, and saw 2 of its levels.

You collected 35 gold pieces.

Inventory:

Hand Weapons
 c - a +0 club
 e - a +0 club
 h - a +0 dagger (weapon)
 j - a +0 mace
Missiles
 g - 19 bolts
Armour
 a - a +0 robe (worn)
 b - a +0 hat (worn)
 f - a +0 chain mail
Wands
 d - a wand of paralysis (5)


   Skills:
 + Level 2.5 Dodging
 + Level 3.1 Stealth
 + Level 5.6 Spellcasting
 + Level 1.2 Conjurations
 + Level 1.2 Summonings
 + Level 1.1 Translocations


You had 8 spell levels left.
You knew the following spells:

 Your Spells              Type           Power        Failure   Level  Hunger
a - Magic Dart            Conj           ##..         5%          1    None
b - Call Imp              Summ           ##......     9%          2    None
c - Blink                 Tloc           N/A          9%          2    None

Your spell library contained the following spells:

 Spells                   Type           Power        Failure   Level  Hunger
 Slow                     Hex            #.......     14%         2    None
 Conjure Flame            Conj/Fire      #.......     21%         3    ##.....
 Mephitic Cloud           Conj/Pois/Air  #.......     22%         3    ##.....


Dungeon Overview and Level Annotations

Branches:
Dungeon (2/15)

Altars:


Message History

Confirm with . or Enter, or press ? or * to list all spells.
A beastly little devil appears in a puff of frigid air.
* * * LOW HITPOINT WARNING * * *
You feel sick. The adder barely misses you. The adder closely misses you.
The worm bites your white imp.
Unknown command.
You closely miss the adder.
The adder is lightly wounded.
* * * LOW HITPOINT WARNING * * *
You feel sick. The adder bites you.
* * * LOW HITPOINT WARNING * * *
You are more poisoned.
The adder poisons you!
Your white imp hits the worm.
Your white imp freezes the worm.
Evoke which item? (* to show all) (? for menu, Esc to quit)
Aiming: Paralyse
Press: ? - help, Shift-Dir - straight line, f/p - adder
Aim: an adder (lightly wounded, chance to defeat MR: 54%)
The adder suddenly stops moving!
You die...

. #. #.. #..#########
#...w5@.##.#
##.≈..$S.##.#######
#≈.≈.....##.......#
≈..≈.....###..###'###
...≈.....# #..#≈≈≈≈≈#
...≈.....####'#≈≈≈≈≈#
...≈.....##...#≈≈≈≈≈#
...≈......)...#≈≈≈≈≈#
....##...†....###'###


You could see a worm, an adder (paralysed) and a friendly white imp.

Vanquished Creatures
  A dart slug (D:1)
  A leopard gecko (D:1)
  2 giant cockroaches (D:1)
  5 goblins (D:1)
  A hobgoblin (D:2)
  A jackal (D:1)
  2 ball pythons (D:1)
  2 bats
  A frilled lizard (D:2)
  4 kobolds
  2 rats (D:1)
22 creatures vanquished.

Vanquished Creatures (collateral kills)
  An adder (D:2)
  2 goblins
  A hobgoblin (D:1)
  A jackal (D:1)
  A rat (D:1)
6 creatures vanquished.

Grand Total: 28 creatures vanquished

Notes
Turn   | Place    | Note
-------+----------+-------------------------------------------
     0 | D:1      | Lunnius the Deep Elf Wizard began the quest for the Orb.
     0 | D:1      | Reached XP level 1. HP: 10/10 MP: 7/7
   205 | D:1      | Reached skill level 5 in Spellcasting
   207 | D:1      | Reached XP level 2. HP: 13/15 MP: 0/10
   366 | D:1      | Learned a level 2 spell: Call Imp
   666 | D:1      | Learned a level 2 spell: Blink
   698 | D:2      | Reached XP level 3. HP: 15/19 MP: 7/12
  1159 | D:2      | Succumbed to an adder's poison

Levels and vault maps discovered:
D:1:      eino_arrival_tree_alley, layout_loops_ring, minivault_24
D:2:      layout_basic, serial_rivers, chequers_serial_rivers_small_3,
          chequers_serial_rivers_micro_b, chequers_serial_rivers_marsh,
          chequers_serial_rivers_micro_b, chequers_serial_rivers_room_b,
          chequers_serial_rivers_micro_e, doesnt_xom_only_xom

Skill      XL: |  1  2 |
---------------+-------+-----
Spellcasting   | 5 |  5.6
Stealth        | 3 |  3.1
Dodging        | |  2.5
Conjurations   | |  1.2
Summonings     | |  1.2
Translocations | |  1.1

Action                   || total
-------------------------++-------
Melee: Dagger            ||     6
 Cast: Magic Dart        ||    53
       Call Imp          ||     8
       Blink             ||     2
Evoke: Wand              ||     2
  Use: Scroll            ||     2
  Eat: Ration            ||     1
Armor: Robe              ||     5
Dodge: Dodged            ||    37

Table legend:
 A = Non-vault XP
 B = Vault XP
 C = Vault XP percentage of total XP
 D = Non-vault monster count
 E = Vault monster count
 F = Vault count percentage of total count
                 A         B        C        D         E       F
            +---------+---------+-------+---------+---------+-------
      Total |      53 |       0 |   0.0 |      28 |       0 |   0.0
            +---------+---------+-------+---------+---------+-------
        D:1 |      37 |       0 |   0.0 |      22 |       0 |   0.0
        D:2 |      16 |       0 |   0.0 |       6 |       0 |   0.0
            +---------+---------+-------+---------+---------+-------
